Influenza vs Carnivores
Created - February 15, 2020 at 19:13
Goals
|
Influenza |
2 |
1 |
2 |
5 |
Carnivores |
2 |
1 |
1 |
4 |
|
Shots
|
Influenza |
15 |
13 |
12 |
40 |
Carnivores |
13 |
6 |
6 |
25 |
|
1st period
1. Influenza , Kasperi Kapanen 7 (Nick Ritchie 3, Paul Ladue 15) at 4:41
2. Carnivores , Oskar Lindblom 3 (Tony DeAngelo 16, Chris Lawrence 36) at 8:47 (PP)
3. Carnivores , Joel Armia 13 (Blake Geoffrion 36, Markus Granlund 30) at 11:46
4. Influenza , Andre Burakovsky 32 (William Nylander 18, Darnell Nurse 1) at 12:00
Penalties :
Brandon Montour (VJB) for Tripping (Minor) at 2:32, Paul Ladue (VJB) for Cross-checking (Minor) at 7:43, William Nylander (VJB) for Hooking (Minor) at 14:14
2nd period
5. Carnivores , Chris Lawrence 21 (Anton Gustafsson 29, Tony DeAngelo 17) at 14:30
6. Influenza , Kasperi Kapanen 8 (Lucas Lessio 12, Paul Ladue 16) at 17:39
Penalties :
Curtis Lazar (Bre) for Hooking (Minor) at 12:09, Lucas Wallmark (Bre) for Unsportsmanlike conduct (Minor) at 15:11
3rd period
7. Influenza , Andre Burakovsky 33 (Jake Guentzel 35) at 0:11
8. Carnivores , Anton Gustafsson 22 (Blake Geoffrion 37, Tony DeAngelo 18) at 5:09
9. Influenza , Nick Ritchie 11 (Roland McKeown 7) at 17:52
Penalties :
Mat Clark (Bre) for Slashing (Minor) at 7:55, Darnell Nurse (VJB) for Hooking (Minor) at 17:53
Goalie Stats
Malcolm Subban (VJB), 21 saves from 25 shots - (0.840), W, 15-20-1, 60:00 minutes
Tristan Jarry (Bre), 35 saves from 40 shots - (0.875), L, 5-10-1, 60:00 minutes
Players Stats for Influenza
Player Name G A P +/- PIM S H SB GA TA FO MP PP MP PK MP
------------------------------------------------------------------------------------
Andre Burakovsky 2 0 2 1 0 4 4 0 0 0 0/0 21:28 2:58 4:01
Bo Horvat 0 0 0 -1 0 3 1 0 0 0 0/0 7:34 0:00 0:00
Brandon Montour 0 0 0 -2 2 2 0 2 0 3 0/0 22:26 2:17 3:05
Darnell Nurse 0 1 1 1 2 2 5 2 0 1 0/0 24:51 3:40 3:27
Dmitry Sinitsyn 0 0 0 3 0 0 1 0 0 1 0/0 16:57 0:00 3:01
Jacob Josefson 0 0 0 1 0 3 1 0 0 1 6/7 11:22 0:00 0:54
Jake Guentzel 0 1 1 1 0 2 1 2 0 0 16/37 19:42 2:58 2:06
Jimmy Vesey 0 0 0 0 0 3 0 0 0 0 2/2 18:32 2:37 1:53
Justin Bailey 0 0 0 0 0 0 2 0 0 0 0/0 16:44 2:54 0:00
Kasperi Kapanen 2 0 2 2 0 6 4 0 0 0 1/2 11:32 0:35 0:00
Luca Sbisa 0 0 0 -2 0 0 0 2 0 1 0/0 17:42 2:17 0:00
Lucas Lessio 0 1 1 0 0 1 0 0 0 0 0/0 9:32 0:22 1:07
Nick Ritchie 1 1 2 1 0 5 0 0 0 0 0/0 10:28 0:00 0:00
Paul Ladue 0 2 2 2 2 3 1 1 1 1 0/0 25:03 3:40 3:33
Roland McKeown 0 1 1 2 0 0 0 0 0 0 0/0 13:02 0:00 0:56
Tom Kuhnhackl 0 0 0 0 0 2 1 0 0 0 0/1 8:19 0:13 0:00
William Nylander 0 1 1 1 2 0 2 0 0 1 0/1 17:10 2:37 0:00
Zac Dalpe 0 0 0 0 0 4 1 0 1 2 7/19 20:31 2:37 4:01
Players Stats for Carnivores
Player Name G A P +/- PIM S H SB GA TA FO MP PP MP PK MP
------------------------------------------------------------------------------------
Andreas Englund 0 0 0 -1 0 1 1 1 0 1 0/0 13:55 0:00 3:22
Anton Gustafsson 1 1 2 0 0 4 0 2 0 0 20/33 18:51 2:58 3:05
Blake Geoffrion 0 2 2 0 0 6 0 0 0 0 2/2 18:35 3:55 0:22
Chris Lawrence 1 1 2 -1 0 5 4 2 2 1 0/0 26:44 2:58 3:05
Curtis Lazar 0 0 0 0 2 0 1 0 0 0 2/6 9:10 0:00 0:00
David Fischer 0 0 0 -2 0 0 0 4 0 0 0/0 30:16 4:29 3:22
Hunter Shinkaruk 0 0 0 -1 0 0 0 0 0 0 0/1 3:22 0:08 1:41
Jeremy Welsh 0 0 0 -1 0 1 0 0 0 0 0/0 11:03 0:00 0:00
Joel Armia 1 0 1 1 0 3 2 0 1 0 0/1 17:44 3:55 0:00
Lucas Wallmark 0 0 0 -2 2 2 2 1 1 0 4/6 11:31 0:00 0:00
Mark McNeill 0 0 0 0 0 0 0 0 0 0 0/0 0:08 0:08 0:00
Markus Granlund 0 1 1 1 0 1 5 0 2 0 9/19 19:09 4:03 1:17
Mat Clark 0 0 0 0 2 0 1 0 2 0 0/0 18:42 2:32 1:31
Mattias Backman 0 0 0 0 0 0 1 1 0 0 0/0 10:26 0:00 0:25
Nicolas Kerdiles 0 0 0 -1 0 0 1 1 1 0 0/1 11:13 0:00 2:24
Oskar Lindblom 1 0 1 -1 0 2 2 0 0 0 0/0 15:24 2:58 0:00
Riley Barber 0 0 0 -1 0 0 1 2 1 0 0/0 11:03 0:00 0:00
T.J Brodie 0 0 0 0 0 0 0 0 1 0 0/0 19:21 2:32 2:35
Tony DeAngelo 0 3 3 -1 0 0 0 2 0 0 0/0 23:17 4:29 0:39
Trevor Van Riemsdyk 0 0 0 0 0 0 0 0 0 0 0/0 4:06 0:00 0:00
3 Stars
1 - Kasperi Kapanen (VJB)
2 - Andre Burakovsky (VJB)
3 - Nick Ritchie (VJB)
Power Play
Influenza - 0 on 3 Attempt(s) - 0.00%
Carnivores - 1 on 4 Attempt(s) - 25.00%
Penalty Kill
Influenza - 3 on 4 Attempt(s) - 75.00%
- Score 0 goal in Penalty Kill
Carnivores - 3 on 3 Attempt(s) - 100.00%
- Score 0 goal in Penalty Kill
Team Stat
Influenza - Hits : 24 - Faceoff Wins : 32 - Blocked Shots : 9 - Penalty Minutes : 8
Carnivores - Hits : 21 - Faceoff Wins : 37 - Blocked Shots : 16 - Penalty Minutes : 6
Official
Referees : Unknown
Linesman : Unknown
Game Notes
No Game Note
Finance
Level 1 -- Attendance: 1432 (71.60%) -- Ticket Income $57,280
Level 2 -- Attendance: 635 (63.50%) -- Ticket Income $12,700
Total Attendance: 2067 (68.90%)
Total Ticket Income: $69,980
Other Income: $3,499
Total Income: $73,479
Influenza
5 vs 5 Forward
Center Left Wing Right Wing Time % Phy DF OF
1 Jake Guentzel Andre Burakovsky William Nylander 40 1 2 2
2 Zac Dalpe Jimmy Vesey Justin Bailey 30 1 2 2
3 Jacob Josefson Nick Ritchie Kasperi Kapanen 20 1 2 2
4 Bo Horvat Lucas Lessio Tom Kuhnhackl 10 1 2 2
5 vs 5 Defense
Defense Defense Time % Phy DF OF
1 Darnell Nurse Paul Ladue 40 1 2 2
2 Brandon Montour Luca Sbisa 30 1 2 2
3 Roland McKeown Dmitry Sinitsyn 20 1 2 2
4 Darnell Nurse Paul Ladue 10 1 2 2
PowerPlay Forward
Center Left Wing Right Wing Time % Phy DF OF
1 Jake Guentzel Andre Burakovsky Justin Bailey 60 1 2 2
2 Zac Dalpe Jimmy Vesey William Nylander 40 1 2 2
PowerPlay Defense
Defense Defense Time % Phy DF OF
1 Darnell Nurse Paul Ladue 60 1 2 2
2 Brandon Montour Luca Sbisa 40 1 2 2
Penalty Kill 4 Players Forward
Center Wing Time % Phy DF OF
1 Zac Dalpe Andre Burakovsky 60 1 2 2
2 Jake Guentzel Jimmy Vesey 40 1 2 2
Penalty Kill 4 Players Defense
Defense Defense Time % Phy DF OF
1 Darnell Nurse Paul Ladue 60 1 2 2
2 Brandon Montour Dmitry Sinitsyn 40 1 2 2
Penalty Kill - 3 Players Forward
Forward Time % Phy DF OF
1 Zac Dalpe 60 1 2 2
2 Jake Guentzel 40 1 2 2
Penalty Kill - 3 Players Defense
Defense Defense Time % Phy DF OF
1 Darnell Nurse Paul Ladue 60 1 2 2
2 Brandon Montour Dmitry Sinitsyn 40 1 2 2
4 vs 4 Forward
Center Wing Time % Phy DF OF
1 Zac Dalpe Andre Burakovsky 60 1 2 2
2 Jake Guentzel William Nylander 40 1 2 2
4 vs 4 Defense
Defense Defense Time % Phy DF OF
1 Darnell Nurse Paul Ladue 60 1 2 2
2 Brandon Montour Dmitry Sinitsyn 40 1 2 2
Last Minutes Offensive
Center Left Wing Right Wing Defense Defense
Jake Guentzel Andre Burakovsky Justin Bailey Darnell Nurse Paul Ladue
Last Minutes Defensive
Center Left Wing Right Wing Defense Defense
Zac Dalpe Andre Burakovsky Tom Kuhnhackl Darnell Nurse Paul Ladue
Goaltenders
Starting : Malcolm Subban
Backup : Tyson Sexsmith
Extra Forwards
Normal : Bo Horvat, Justin Bailey, Andre Burakovsky - PP : William Nylander, Kasperi Kapanen - PK : Jake Guentzel
Extra Defensemen
Normal : Brandon Montour, Dmitry Sinitsyn, Darnell Nurse - PP : Dmitry Sinitsyn - PK : Brandon Montour, Darnell Nurse
Penalty Shots
Andre Burakovsky, Zac Dalpe, Jake Guentzel, Jimmy Vesey, Bo Horvat
Scratches
Jordan Schroeder (Healthy), Shane Prince (Healthy), Jeff Corbett (Healthy), Henri Ikonen (Healthy), Johan Larsson (Healthy)
Tim Erixon (Torn Left ACL Injury), Mitchell Moroz (Healthy), Josh Andrerson (Healthy), Jesse Graham (Healthy), Jake Walman (Healthy)
Conner Bleackley (Healthy), Brycen Martin (Healthy), Jaden Lindo (Healthy), Jamie Phillips (Healthy)
Carnivores
5 vs 5 Forward
Center Left Wing Right Wing Time % Phy DF OF
1 Anton Gustafsson Oskar Lindblom Chris Lawrence 40 1 2 2
2 Markus Granlund Blake Geoffrion Joel Armia 30 1 2 2
3 Curtis Lazar Nicolas Kerdiles Chris Lawrence 20 1 2 2
4 Lucas Wallmark Jeremy Welsh Riley Barber 10 1 2 2
5 vs 5 Defense
Defense Defense Time % Phy DF OF
1 David Fischer Tony DeAngelo 40 1 2 2
2 Mat Clark T.J Brodie 30 1 2 2
3 Andreas Englund Mattias Backman 20 1 2 2
4 David Fischer Trevor Van Riemsdyk 10 1 2 2
PowerPlay Forward
Center Left Wing Right Wing Time % Phy DF OF
1 Markus Granlund Blake Geoffrion Joel Armia 60 1 2 2
2 Anton Gustafsson Oskar Lindblom Chris Lawrence 40 1 2 2
PowerPlay Defense
Defense Defense Time % Phy DF OF
1 David Fischer Tony DeAngelo 60 1 2 2
2 Mat Clark T.J Brodie 40 1 2 2
Penalty Kill 4 Players Forward
Center Wing Time % Phy DF OF
1 Anton Gustafsson Chris Lawrence 60 1 2 2
2 Markus Granlund Nicolas Kerdiles 40 1 2 2
Penalty Kill 4 Players Defense
Defense Defense Time % Phy DF OF
1 Andreas Englund David Fischer 60 1 2 2
2 Mat Clark T.J Brodie 40 1 2 2
Penalty Kill - 3 Players Forward
Forward Time % Phy DF OF
1 Chris Lawrence 60 1 2 2
2 Anton Gustafsson 40 1 2 2
Penalty Kill - 3 Players Defense
Defense Defense Time % Phy DF OF
1 Andreas Englund David Fischer 60 1 2 2
2 Mat Clark T.J Brodie 40 1 2 2
4 vs 4 Forward
Center Wing Time % Phy DF OF
1 Anton Gustafsson Chris Lawrence 60 1 3 1
2 Markus Granlund Nicolas Kerdiles 40 1 3 1
4 vs 4 Defense
Defense Defense Time % Phy DF OF
1 David Fischer Tony DeAngelo 60 1 4 0
2 Mat Clark T.J Brodie 40 1 4 0
Last Minutes Offensive
Center Left Wing Right Wing Defense Defense
Anton Gustafsson Blake Geoffrion Chris Lawrence Tony DeAngelo T.J Brodie
Last Minutes Defensive
Center Left Wing Right Wing Defense Defense
Anton Gustafsson Nicolas Kerdiles Chris Lawrence Mat Clark David Fischer
Goaltenders
Starting : Tristan Jarry
Backup : Niklas Svedberg
Extra Forwards
Normal : Hunter Shinkaruk, Markus Granlund, Anton Gustafsson - PP : Hunter Shinkaruk, Anton Gustafsson - PK : Hunter Shinkaruk
Extra Defensemen
Normal : Trevor Van Riemsdyk, Tony DeAngelo, Andreas Englund - PP : Trevor Van Riemsdyk - PK : Tony DeAngelo, Mattias Backman
Penalty Shots
Blake Geoffrion, Anton Gustafsson, Markus Granlund, Joel Armia, Chris Lawrence
Scratches
Scott Laughton (Bruised Right Shoulder Injury), Ryan Olsen (Healthy), Adam Almquist (Healthy), Stanislav Galiev (Healthy), Mark MacMillan (Healthy)
Troy Bourke (Healthy), Alexandre Mallet (Healthy), Josh Wesley (Healthy), Linus Ullmark (Healthy)
% Time on Ice - Influenza
Lines # - Real PCT - Wanted PCT - Time Play
Normal Forward
1 - 32% - 40% - 14:55
2 - 30% - 30% - 14:02
3 - 22% - 20% - 10:28
4 - 16% - 10% - 7:34
Normal Defense
1 - 38% - 40% - 17:39
2 - 37% - 30% - 17:15
3 - 24% - 20% - 11:26
4 - 1% - 10% - 0:39
PP Forward
1 - 56% - 60% - 3:20
2 - 44% - 40% - 2:37
PP Defense
1 - 62% - 60% - 3:40
2 - 38% - 40% - 2:17
PK Forward
1 - 73% - 60% - 5:08
2 - 27% - 40% - 1:53
PK Defense
1 - 70% - 60% - 4:56
2 - 30% - 40% - 2:05
PK3 Forward
1 - 0% - 60%
2 - 0% - 40%
PK3 Defense
1 - 0% - 60%
2 - 0% - 40%
44 Forward
1 - 0% - 60%
2 - 0% - 40%
44 Defense
1 - 0% - 60%
2 - 0% - 40%
Last Minute Offensive - 0:00
Last Minute Defensive - 0:03
Total
Forward - 60:00
Defense - 60:00
|
% Time on Ice - Carnivores
Lines # - Real PCT - Wanted PCT - Time Play
Normal Forward
1 - 29% - 40% - 13:25
2 - 29% - 30% - 13:41
3 - 19% - 20% - 8:49
4 - 24% - 10% - 11:03
Normal Defense
1 - 41% - 40% - 19:15
2 - 31% - 30% - 14:32
3 - 20% - 20% - 9:27
4 - 8% - 10% - 3:44
PP Forward
1 - 58% - 60% - 4:03
2 - 42% - 40% - 2:58
PP Defense
1 - 64% - 60% - 4:29
2 - 36% - 40% - 2:32
PK Forward
1 - 83% - 60% - 4:57
2 - 17% - 40% - 1:00
PK Defense
1 - 57% - 60% - 3:22
2 - 43% - 40% - 2:35
PK3 Forward
1 - 0% - 60%
2 - 0% - 40%
PK3 Defense
1 - 0% - 60%
2 - 0% - 40%
44 Forward
1 - 0% - 60%
2 - 0% - 40%
44 Defense
1 - 0% - 60%
2 - 0% - 40%
Last Minute Offensive - 0:04
Last Minute Defensive - 0:00
Total
Forward - 60:00
Defense - 60:00
|
Play-by-Play
1st period
0:01 of 1st period - Anton Gustafsson wins face-off versus Jake Guentzel in neutral zone.
0:14 of 1st period - Snap shot by Anton Gustafsson.
0:14 of 1st period - Stopped by Malcolm Subban without a rebound.
0:15 of 1st period - Blake Geoffrion wins face-off versus Zac Dalpe in Influenza zone.
0:44 of 1st period - Slapshot by Joel Armia.
0:44 of 1st period - Deflect By Chris Lawrence.
0:44 of 1st period - Stopped by Malcolm Subban without a rebound.
0:45 of 1st period - Curtis Lazar wins face-off versus Tom Kuhnhackl in Influenza zone.
0:46 of 1st period - Wrist shot by Chris Lawrence.
0:46 of 1st period - Shot Misses the Net.
1:08 of 1st period - Dmitry Sinitsyn is hit by Mattias Backman and loses puck.
1:13 of 1st period - Snap shot by Chris Lawrence.
1:13 of 1st period - Stopped by Malcolm Subban with a rebound.
1:41 of 1st period - Slapshot by Bo Horvat.
1:41 of 1st period - Deflect By Tom Kuhnhackl.
1:41 of 1st period - Stopped by Tristan Jarry with a rebound.
1:49 of 1st period - Wrist shot by Bo Horvat.
1:49 of 1st period - Stopped by Tristan Jarry without a rebound.
1:50 of 1st period - Markus Granlund wins face-off versus Jake Guentzel in Carnivores zone.
1:50 of 1st period - Markus Granlund is hit by Darnell Nurse.
2:27 of 1st period - Snap shot by Joel Armia.
2:27 of 1st period - Stopped by Malcolm Subban with a rebound.
2:29 of 1st period - Slapshot by Andreas Englund.
2:29 of 1st period - Deflect By Blake Geoffrion.
2:29 of 1st period - Stopped by Malcolm Subban without a rebound.
2:30 of 1st period - Jake Guentzel wins face-off versus Lucas Wallmark in Influenza zone.
2:32 of 1st period - Minor Penalty to Brandon Montour for Tripping.
2:33 of 1st period - Zac Dalpe wins face-off versus Markus Granlund in Influenza zone.
3:00 of 1st period - Off-side.
3:01 of 1st period - Anton Gustafsson wins face-off versus Jake Guentzel in neutral zone.
3:30 of 1st period - Off-side.
3:31 of 1st period - Jimmy Vesey wins face-off versus Joel Armia in neutral zone.
4:06 of 1st period - Chris Lawrence is hit by Dmitry Sinitsyn and loses puck.
4:32 of 1st period - Penalty to Brandon Montour is over, Brandon Montour is back on ice.
4:41 of 1st period - Snap shot by Kasperi Kapanen.
4:41 of 1st period - Goal by Kasperi Kapanen - Influenza : 1 - Carnivores : 0.
4:42 of 1st period - Anton Gustafsson wins face-off versus Jake Guentzel in neutral zone.
5:07 of 1st period - Chris Lawrence is hit by Kasperi Kapanen and loses puck.
5:18 of 1st period - Snap shot by Jacob Josefson.
5:18 of 1st period - Stopped by Tristan Jarry without a rebound.
5:19 of 1st period - Zac Dalpe wins face-off versus Markus Granlund in Carnivores zone.
6:59 of 1st period - Andreas Englund is hit by Andre Burakovsky.
7:23 of 1st period - Bo Horvat is hit by Chris Lawrence and loses puck.
7:43 of 1st period - Minor Penalty to Paul Ladue for Cross-checking.
7:44 of 1st period - Zac Dalpe wins face-off versus Markus Granlund in Influenza zone.
7:59 of 1st period - Off-side.
8:00 of 1st period - Markus Granlund wins face-off versus Zac Dalpe in neutral zone.
8:03 of 1st period - Wrist shot by Joel Armia.
8:03 of 1st period - Stopped by Malcolm Subban with a rebound.
8:13 of 1st period - Snap shot by Blake Geoffrion.
8:13 of 1st period - Stopped by Malcolm Subban without a rebound.
8:14 of 1st period - Blake Geoffrion wins face-off versus Zac Dalpe in Influenza zone.
8:43 of 1st period - Snap shot by Chris Lawrence.
8:43 of 1st period - Shot Blocked by Darnell Nurse.
8:45 of 1st period - Slapshot by Tony DeAngelo.
8:45 of 1st period - Shot Misses the Net.
8:47 of 1st period - Slapshot by Oskar Lindblom.
8:47 of 1st period - Goal by Oskar Lindblom - Influenza : 1 - Carnivores : 1.
8:48 of 1st period - Jake Guentzel wins face-off versus Anton Gustafsson in neutral zone.
8:53 of 1st period - Snap shot by Andre Burakovsky.
8:53 of 1st period - Shot Misses the Net.
9:13 of 1st period - Markus Granlund is hit by Justin Bailey and loses puck.
9:43 of 1st period - Snap shot by Blake Geoffrion.
9:43 of 1st period - Stopped by Malcolm Subban with a rebound.
9:45 of 1st period - Slapshot by Andreas Englund.
9:45 of 1st period - Stopped by Malcolm Subban without a rebound.
9:46 of 1st period - Jake Guentzel wins face-off versus Anton Gustafsson in Influenza zone.
9:55 of 1st period - Wrist shot by Jake Guentzel.
9:55 of 1st period - Shot Misses the Net.
10:42 of 1st period - Wrist shot by Kasperi Kapanen.
10:42 of 1st period - Stopped by Tristan Jarry with a rebound.
10:52 of 1st period - Darnell Nurse is hit by Joel Armia and loses puck.
11:34 of 1st period - Snap shot by Jimmy Vesey.
11:34 of 1st period - Deflect By Zac Dalpe.
11:34 of 1st period - Deflect By T.J Brodie.
11:34 of 1st period - Stopped by Tristan Jarry with a rebound.
11:36 of 1st period - Snap shot by Zac Dalpe.
11:36 of 1st period - Stopped by Tristan Jarry without a rebound.
11:37 of 1st period - Jake Guentzel wins face-off versus Markus Granlund in Carnivores zone.
11:46 of 1st period - Slapshot by Joel Armia.
11:46 of 1st period - Goal by Joel Armia - Influenza : 1 - Carnivores : 2.
11:47 of 1st period - Jake Guentzel wins face-off versus Anton Gustafsson in neutral zone.
11:52 of 1st period - Wrist shot by Jake Guentzel.
11:52 of 1st period - Shot Blocked by David Fischer.
11:54 of 1st period - Slapshot by Darnell Nurse.
11:54 of 1st period - Stopped by Tristan Jarry with a rebound.
11:56 of 1st period - Snap shot by Darnell Nurse.
11:56 of 1st period - Shot Blocked by David Fischer.
11:58 of 1st period - Snap shot by William Nylander.
11:58 of 1st period - Shot Blocked by Tony DeAngelo.
12:00 of 1st period - Slapshot by Andre Burakovsky.
12:00 of 1st period - Goal by Andre Burakovsky - Influenza : 2 - Carnivores : 2.
12:01 of 1st period - Anton Gustafsson wins face-off versus Jake Guentzel in neutral zone.
12:17 of 1st period - Andre Burakovsky is hit by Chris Lawrence and loses puck.
12:51 of 1st period - Wrist shot by Kasperi Kapanen.
12:51 of 1st period - Deflect By Jacob Josefson.
12:51 of 1st period - Shot Misses the Net.
12:51 of 1st period - Puck is out of play.
12:52 of 1st period - Jacob Josefson wins face-off versus Anton Gustafsson in Carnivores zone.
12:55 of 1st period - Snap shot by Nick Ritchie.
12:55 of 1st period - Stopped by Tristan Jarry with a rebound.
13:05 of 1st period - Slapshot by Kasperi Kapanen.
13:05 of 1st period - Shot Blocked by Anton Gustafsson.
13:07 of 1st period - Slapshot by Brandon Montour.
13:07 of 1st period - Stopped by Tristan Jarry without a rebound.
13:08 of 1st period - Jake Guentzel wins face-off versus Markus Granlund in Carnivores zone.
13:11 of 1st period - Snap shot by Andre Burakovsky.
13:11 of 1st period - Stopped by Tristan Jarry without a rebound.
13:12 of 1st period - Markus Granlund wins face-off versus Jake Guentzel in Carnivores zone.
13:39 of 1st period - Wrist shot by Nick Ritchie.
13:39 of 1st period - Shot Blocked by David Fischer.
13:41 of 1st period - Snap shot by Luca Sbisa.
13:41 of 1st period - Shot Blocked by David Fischer.
13:43 of 1st period - Wrist shot by Kasperi Kapanen.
13:43 of 1st period - Stopped by Tristan Jarry with a rebound.
13:45 of 1st period - Slapshot by Kasperi Kapanen.
13:45 of 1st period - Stopped by Tristan Jarry without a rebound.
13:46 of 1st period - Anton Gustafsson wins face-off versus Jake Guentzel in Carnivores zone.
13:46 of 1st period - Anton Gustafsson is hit by Darnell Nurse.
13:51 of 1st period - Off-side.
13:52 of 1st period - Anton Gustafsson wins face-off versus Jake Guentzel in neutral zone.
13:57 of 1st period - Slapshot by Anton Gustafsson.
13:57 of 1st period - Stopped by Malcolm Subban without a rebound.
13:58 of 1st period - Jake Guentzel wins face-off versus Anton Gustafsson in Influenza zone.
14:14 of 1st period - Minor Penalty to William Nylander for Hooking.
14:15 of 1st period - Markus Granlund wins face-off versus Zac Dalpe in Influenza zone.
16:14 of 1st period - Penalty to William Nylander is over, William Nylander is back on ice.
16:27 of 1st period - Brandon Montour is hit by Lucas Wallmark and loses puck.
16:33 of 1st period - Icing by Kasperi Kapanen.
16:34 of 1st period - Kasperi Kapanen wins face-off versus Nicolas Kerdiles in Influenza zone.
16:39 of 1st period - Snap shot by Jacob Josefson.
16:39 of 1st period - Stopped by Tristan Jarry with a rebound.
17:01 of 1st period - Brandon Montour is hit by Andreas Englund and loses puck.
17:06 of 1st period - Snap shot by Jeremy Welsh.
17:06 of 1st period - Stopped by Malcolm Subban with a rebound.
17:08 of 1st period - Wrist shot by Lucas Wallmark.
17:08 of 1st period - Shot Misses the Net.
17:50 of 1st period - Zac Dalpe is hit by Curtis Lazar and loses puck.
18:13 of 1st period - Jimmy Vesey is hit by Markus Granlund and loses puck.
19:11 of 1st period - Snap shot by Jacob Josefson.
19:11 of 1st period - Shot Blocked by Anton Gustafsson.
19:13 of 1st period - Wrist shot by Kasperi Kapanen.
19:13 of 1st period - Shot Misses the Net.
19:30 of 1st period - Lucas Wallmark is hit by Bo Horvat and loses puck.
Goals for this period are 2 for Influenza vs 2 for Carnivores.
Shots for this period are 15 for Influenza vs 13 for Carnivores.
2nd period
0:01 of 2nd period - Anton Gustafsson wins face-off versus Jake Guentzel in neutral zone.
0:05 of 2nd period - Off-side.
0:06 of 2nd period - Anton Gustafsson wins face-off versus Jake Guentzel in neutral zone.
0:43 of 2nd period - Wrist shot by Jimmy Vesey.
0:43 of 2nd period - Stopped by Tristan Jarry without a rebound.
0:44 of 2nd period - Anton Gustafsson wins face-off versus Jacob Josefson in Carnivores zone.
1:09 of 2nd period - Luca Sbisa is hit by Markus Granlund and loses puck.
1:18 of 2nd period - Snap shot by Joel Armia.
1:18 of 2nd period - Deflect By Markus Granlund.
1:18 of 2nd period - Shot Misses the Net.
1:18 of 2nd period - Puck is out of play.
1:19 of 2nd period - Zac Dalpe wins face-off versus Anton Gustafsson in Influenza zone.
1:25 of 2nd period - Off-side.
1:26 of 2nd period - Anton Gustafsson wins face-off versus Zac Dalpe in neutral zone.
1:35 of 2nd period - Oskar Lindblom is hit by Zac Dalpe and loses puck.
1:50 of 2nd period - Wrist shot by Anton Gustafsson.
1:50 of 2nd period - Shot Misses the Net.
2:00 of 2nd period - Wrist shot by Jimmy Vesey.
2:00 of 2nd period - Stopped by Tristan Jarry without a rebound.
2:01 of 2nd period - Jake Guentzel wins face-off versus Markus Granlund in Carnivores zone.
2:55 of 2nd period - Wrist shot by David Fischer.
2:55 of 2nd period - Shot Misses the Net.
3:07 of 2nd period - William Nylander is hit by Oskar Lindblom and loses puck.
3:32 of 2nd period - Brandon Montour is hit by Lucas Wallmark and loses puck.
3:47 of 2nd period - Oskar Lindblom is hit by Kasperi Kapanen and loses puck.
3:54 of 2nd period - Wrist shot by Kasperi Kapanen.
3:54 of 2nd period - Shot Misses the Net.
3:56 of 2nd period - Slapshot by Luca Sbisa.
3:56 of 2nd period - Shot Blocked by Chris Lawrence.
3:58 of 2nd period - Snap shot by Luca Sbisa.
3:58 of 2nd period - Shot Blocked by Chris Lawrence.
4:25 of 2nd period - Off-side.
4:26 of 2nd period - Zac Dalpe wins face-off versus Lucas Wallmark in neutral zone.
5:31 of 2nd period - Wrist shot by Jeremy Welsh.
5:31 of 2nd period - Shot Misses the Net.
5:33 of 2nd period - Snap shot by Riley Barber.
5:33 of 2nd period - Shot Misses the Net.
5:35 of 2nd period - Wrist shot by Lucas Wallmark.
5:35 of 2nd period - Shot Misses the Net.
5:37 of 2nd period - Snap shot by Jeremy Welsh.
5:37 of 2nd period - Deflect By Lucas Wallmark.
5:37 of 2nd period - Stopped by Malcolm Subban without a rebound.
5:38 of 2nd period - Anton Gustafsson wins face-off versus Jake Guentzel in Influenza zone.
5:39 of 2nd period - Slapshot by Chris Lawrence.
5:39 of 2nd period - Shot Misses the Net.
5:46 of 2nd period - Off-side.
5:47 of 2nd period - Anton Gustafsson wins face-off versus Jake Guentzel in neutral zone.
6:00 of 2nd period - Anton Gustafsson is hit by Darnell Nurse and loses puck.
6:13 of 2nd period - Chris Lawrence is hit by Andre Burakovsky and loses puck.
6:18 of 2nd period - Snap shot by Jake Guentzel.
6:18 of 2nd period - Stopped by Tristan Jarry without a rebound.
6:19 of 2nd period - Jacob Josefson wins face-off versus Markus Granlund in Carnivores zone.
6:20 of 2nd period - Wrist shot by Nick Ritchie.
6:20 of 2nd period - Stopped by Tristan Jarry with a rebound.
6:28 of 2nd period - Wrist shot by Joel Armia.
6:28 of 2nd period - Shot Misses the Net.
6:30 of 2nd period - Snap shot by Joel Armia.
6:30 of 2nd period - Shot Misses the Net.
6:32 of 2nd period - Wrist shot by Markus Granlund.
6:32 of 2nd period - Stopped by Malcolm Subban with a rebound.
6:34 of 2nd period - Slapshot by Andreas Englund.
6:34 of 2nd period - Deflect By Blake Geoffrion.
6:34 of 2nd period - Stopped by Malcolm Subban with a rebound.
7:11 of 2nd period - Slapshot by Tom Kuhnhackl.
7:11 of 2nd period - Shot Misses the Net.
7:25 of 2nd period - Snap shot by Lucas Lessio.
7:25 of 2nd period - Shot Blocked by Lucas Wallmark.
7:27 of 2nd period - Wrist shot by Lucas Lessio.
7:27 of 2nd period - Shot Misses the Net.
7:29 of 2nd period - Wrist shot by Bo Horvat.
7:29 of 2nd period - Shot Misses the Net.
7:39 of 2nd period - Slapshot by Bo Horvat.
7:39 of 2nd period - Deflect By Jeremy Welsh.
7:39 of 2nd period - Stopped by Tristan Jarry without a rebound.
7:40 of 2nd period - Anton Gustafsson wins face-off versus Jake Guentzel in Carnivores zone.
7:40 of 2nd period - Anton Gustafsson is hit by William Nylander.
7:56 of 2nd period - Snap shot by Chris Lawrence.
7:56 of 2nd period - Shot Blocked by Darnell Nurse.
8:10 of 2nd period - Snap shot by Zac Dalpe.
8:10 of 2nd period - Stopped by Tristan Jarry with a rebound.
8:12 of 2nd period - Slapshot by Paul Ladue.
8:12 of 2nd period - Stopped by Tristan Jarry with a rebound.
8:14 of 2nd period - Snap shot by Paul Ladue.
8:14 of 2nd period - Stopped by Tristan Jarry with a rebound.
8:16 of 2nd period - Slapshot by Darnell Nurse.
8:16 of 2nd period - Stopped by Tristan Jarry without a rebound.
8:17 of 2nd period - Anton Gustafsson wins face-off versus Zac Dalpe in Carnivores zone.
8:23 of 2nd period - Off-side.
8:24 of 2nd period - Zac Dalpe wins face-off versus Anton Gustafsson in neutral zone.
8:27 of 2nd period - Slapshot by Brandon Montour.
8:27 of 2nd period - Shot Blocked by Andreas Englund.
9:29 of 2nd period - Snap shot by Chris Lawrence.
9:29 of 2nd period - Shot Misses the Net.
9:31 of 2nd period - Snap shot by Oskar Lindblom.
9:31 of 2nd period - Stopped by Malcolm Subban with a rebound.
10:12 of 2nd period - Icing by Jacob Josefson.
10:13 of 2nd period - Jacob Josefson wins face-off versus Markus Granlund in Influenza zone.
10:29 of 2nd period - Wrist shot by Mat Clark.
10:29 of 2nd period - Deflect By Joel Armia.
10:29 of 2nd period - Shot Blocked by Brandon Montour.
10:29 of 2nd period - Puck is out of play.
10:30 of 2nd period - Anton Gustafsson wins face-off versus Jake Guentzel in Influenza zone.
11:16 of 2nd period - Slapshot by David Fischer.
11:16 of 2nd period - Shot Hit the Post.
11:44 of 2nd period - Snap shot by Andre Burakovsky.
11:44 of 2nd period - Stopped by Tristan Jarry with a rebound.
11:47 of 2nd period - Icing by Mat Clark.
11:48 of 2nd period - Curtis Lazar wins face-off versus Zac Dalpe in Carnivores zone.
11:57 of 2nd period - Wrist shot by Curtis Lazar.
11:57 of 2nd period - Shot Misses the Net.
12:09 of 2nd period - Minor Penalty to Curtis Lazar for Hooking.
12:10 of 2nd period - Jake Guentzel wins face-off versus Anton Gustafsson in Carnivores zone.
12:25 of 2nd period - Wrist shot by Andre Burakovsky.
12:25 of 2nd period - Shot Misses the Net.
13:40 of 2nd period - Icing by William Nylander.
13:41 of 2nd period - Jimmy Vesey wins face-off versus Hunter Shinkaruk in Influenza zone.
14:09 of 2nd period - Penalty to Curtis Lazar is over, Curtis Lazar is back on ice.
14:24 of 2nd period - Snap shot by Chris Lawrence.
14:24 of 2nd period - Shot Blocked by Luca Sbisa.
14:26 of 2nd period - Snap shot by Anton Gustafsson.
14:26 of 2nd period - Stopped by Malcolm Subban with a rebound.
14:28 of 2nd period - Snap shot by Anton Gustafsson.
14:28 of 2nd period - Shot Misses the Net.
14:30 of 2nd period - Snap shot by Chris Lawrence.
14:30 of 2nd period - Goal by Chris Lawrence - Influenza : 2 - Carnivores : 3.
14:31 of 2nd period - Jake Guentzel wins face-off versus Markus Granlund in neutral zone.
15:11 of 2nd period - Minor Penalty to Lucas Wallmark for Unsportsmanlike conduct.
15:12 of 2nd period - Jake Guentzel wins face-off versus Anton Gustafsson in Carnivores zone.
15:23 of 2nd period - Wrist shot by Chris Lawrence.
15:23 of 2nd period - Shot Blocked by Jake Guentzel.
15:44 of 2nd period - Anton Gustafsson is hit by William Nylander and loses puck.
16:42 of 2nd period - Paul Ladue is hit by Markus Granlund and loses puck.
17:01 of 2nd period - David Fischer is hit by Kasperi Kapanen and loses puck.
17:11 of 2nd period - Penalty to Lucas Wallmark is over, Lucas Wallmark is back on ice.
17:32 of 2nd period - David Fischer is hit by Paul Ladue and loses puck.
17:37 of 2nd period - Wrist shot by Lucas Lessio.
17:37 of 2nd period - Stopped by Tristan Jarry with a rebound.
17:39 of 2nd period - Snap shot by Kasperi Kapanen.
17:39 of 2nd period - Goal by Kasperi Kapanen - Influenza : 3 - Carnivores : 3.
17:40 of 2nd period - Anton Gustafsson wins face-off versus Jake Guentzel in neutral zone.
17:48 of 2nd period - Icing by Luca Sbisa.
17:49 of 2nd period - Anton Gustafsson wins face-off versus William Nylander in Influenza zone.
18:14 of 2nd period - Snap shot by Chris Lawrence.
18:14 of 2nd period - Shot Misses the Net.
18:16 of 2nd period - Slapshot by Mat Clark.
18:16 of 2nd period - Shot Blocked by Jake Guentzel.
18:18 of 2nd period - Wrist shot by T.J Brodie.
18:18 of 2nd period - Shot Misses the Net.
18:34 of 2nd period - Snap shot by Chris Lawrence.
18:34 of 2nd period - Deflect By Anton Gustafsson.
18:34 of 2nd period - Shot Blocked by Brandon Montour.
18:34 of 2nd period - Puck is out of play.
18:35 of 2nd period - Markus Granlund wins face-off versus Zac Dalpe in Influenza zone.
18:36 of 2nd period - Snap shot by Blake Geoffrion.
18:36 of 2nd period - Shot Blocked by Paul Ladue.
19:39 of 2nd period - Snap shot by Jimmy Vesey.
19:39 of 2nd period - Shot Misses the Net.
19:41 of 2nd period - Snap shot by Zac Dalpe.
19:41 of 2nd period - Stopped by Tristan Jarry without a rebound.
19:42 of 2nd period - Markus Granlund wins face-off versus Zac Dalpe in Carnivores zone.
19:56 of 2nd period - Off-side.
19:57 of 2nd period - Anton Gustafsson wins face-off versus Jake Guentzel in neutral zone.
Goals for this period are 1 for Influenza vs 1 for Carnivores.
Shots for this period are 13 for Influenza vs 6 for Carnivores.
3rd period
0:01 of 3rd period - Jake Guentzel wins face-off versus Anton Gustafsson in neutral zone.
0:04 of 3rd period - Oskar Lindblom is hit by Andre Burakovsky and loses puck.
0:11 of 3rd period - Snap shot by Andre Burakovsky.
0:11 of 3rd period - Goal by Andre Burakovsky - Influenza : 4 - Carnivores : 3.
0:12 of 3rd period - Jake Guentzel wins face-off versus Anton Gustafsson in neutral zone.
1:12 of 3rd period - Snap shot by Bo Horvat.
1:12 of 3rd period - Shot Blocked by Riley Barber.
1:48 of 3rd period - Slapshot by Kasperi Kapanen.
1:48 of 3rd period - Stopped by Tristan Jarry with a rebound.
1:50 of 3rd period - Slapshot by Nick Ritchie.
1:50 of 3rd period - Stopped by Tristan Jarry without a rebound.
1:51 of 3rd period - Anton Gustafsson wins face-off versus Jake Guentzel in Carnivores zone.
1:51 of 3rd period - Anton Gustafsson is hit by Darnell Nurse.
2:27 of 3rd period - Slapshot by Zac Dalpe.
2:27 of 3rd period - Shot Blocked by Riley Barber.
3:01 of 3rd period - Snap shot by Tom Kuhnhackl.
3:01 of 3rd period - Deflect By Chris Lawrence.
3:01 of 3rd period - Stopped by Tristan Jarry without a rebound.
3:02 of 3rd period - Jake Guentzel wins face-off versus Curtis Lazar in Carnivores zone.
3:27 of 3rd period - Curtis Lazar is hit by Darnell Nurse.
3:44 of 3rd period - Darnell Nurse is hit by Nicolas Kerdiles and loses puck.
3:57 of 3rd period - Snap shot by Zac Dalpe.
3:57 of 3rd period - Shot Misses the Net.
3:59 of 3rd period - Slapshot by Brandon Montour.
3:59 of 3rd period - Stopped by Tristan Jarry with a rebound.
4:01 of 3rd period - Slapshot by Zac Dalpe.
4:01 of 3rd period - Shot Blocked by Mattias Backman.
4:19 of 3rd period - Snap shot by Lucas Wallmark.
4:19 of 3rd period - Stopped by Malcolm Subban without a rebound.
4:20 of 3rd period - Lucas Wallmark wins face-off versus Jake Guentzel in Influenza zone.
4:26 of 3rd period - Andre Burakovsky is hit by Riley Barber and loses puck.
5:09 of 3rd period - Snap shot by Anton Gustafsson.
5:09 of 3rd period - Goal by Anton Gustafsson - Influenza : 4 - Carnivores : 4.
5:10 of 3rd period - Anton Gustafsson wins face-off versus Jake Guentzel in neutral zone.
5:35 of 3rd period - Jimmy Vesey is hit by Mat Clark and loses puck.
6:18 of 3rd period - Wrist shot by Bo Horvat.
6:18 of 3rd period - Stopped by Tristan Jarry without a rebound.
6:19 of 3rd period - Jacob Josefson wins face-off versus Curtis Lazar in Carnivores zone.
6:20 of 3rd period - Slapshot by Nick Ritchie.
6:20 of 3rd period - Shot Misses the Net.
6:22 of 3rd period - Slapshot by Jacob Josefson.
6:22 of 3rd period - Stopped by Tristan Jarry with a rebound.
6:24 of 3rd period - Wrist shot by Kasperi Kapanen.
6:24 of 3rd period - Shot Misses the Net.
6:26 of 3rd period - Wrist shot by Darnell Nurse.
6:26 of 3rd period - Shot Blocked by Nicolas Kerdiles.
6:34 of 3rd period - Slapshot by Paul Ladue.
6:34 of 3rd period - Deflect By Nick Ritchie.
6:34 of 3rd period - Shot Blocked by Tony DeAngelo.
6:34 of 3rd period - Puck is out of play.
6:35 of 3rd period - Jake Guentzel wins face-off versus Anton Gustafsson in Carnivores zone.
6:50 of 3rd period - Snap shot by Andre Burakovsky.
6:50 of 3rd period - Deflect By Jake Guentzel.
6:50 of 3rd period - Stopped by Tristan Jarry without a rebound.
6:51 of 3rd period - Markus Granlund wins face-off versus Zac Dalpe in Carnivores zone.
7:16 of 3rd period - Jimmy Vesey is hit by Chris Lawrence.
7:28 of 3rd period - Wrist shot by Jimmy Vesey.
7:28 of 3rd period - Shot Misses the Net.
7:30 of 3rd period - Snap shot by Jimmy Vesey.
7:30 of 3rd period - Stopped by Tristan Jarry with a rebound.
7:46 of 3rd period - Slapshot by David Fischer.
7:46 of 3rd period - Deflect By Nicolas Kerdiles.
7:46 of 3rd period - Shot Blocked by Luca Sbisa.
7:46 of 3rd period - Puck is out of play.
7:47 of 3rd period - Markus Granlund wins face-off versus Jake Guentzel in Influenza zone.
7:55 of 3rd period - Minor Penalty to Mat Clark for Slashing.
7:56 of 3rd period - Jake Guentzel wins face-off versus Anton Gustafsson in Carnivores zone.
7:58 of 3rd period - Snap shot by Jake Guentzel.
7:58 of 3rd period - Shot Misses the Net.
8:34 of 3rd period - Andreas Englund is hit by Jake Guentzel and loses puck.
9:03 of 3rd period - Tony DeAngelo is hit by Justin Bailey and loses puck.
9:55 of 3rd period - Penalty to Mat Clark is over, Mat Clark is back on ice.
11:33 of 3rd period - Jacob Josefson is hit by Chris Lawrence and loses puck.
12:15 of 3rd period - Trevor Van Riemsdyk is hit by Andre Burakovsky and loses puck.
12:41 of 3rd period - Wrist shot by Blake Geoffrion.
12:41 of 3rd period - Stopped by Malcolm Subban with a rebound.
13:26 of 3rd period - Slapshot by Chris Lawrence.
13:26 of 3rd period - Stopped by Malcolm Subban with a rebound.
13:51 of 3rd period - Slapshot by Paul Ladue.
13:51 of 3rd period - Stopped by Tristan Jarry with a rebound.
14:16 of 3rd period - Mat Clark is hit by Tom Kuhnhackl and loses puck.
14:45 of 3rd period - Icing by Joel Armia.
14:46 of 3rd period - Lucas Wallmark wins face-off versus Zac Dalpe in Carnivores zone.
15:02 of 3rd period - Icing by David Fischer.
15:03 of 3rd period - Lucas Wallmark wins face-off versus Kasperi Kapanen in Carnivores zone.
15:03 of 3rd period - Lucas Wallmark is hit by Jacob Josefson.
15:49 of 3rd period - Jimmy Vesey is hit by Markus Granlund and loses puck.
16:41 of 3rd period - Off-side.
16:42 of 3rd period - Lucas Wallmark wins face-off versus Jake Guentzel in neutral zone.
17:07 of 3rd period - Snap shot by Chris Lawrence.
17:07 of 3rd period - Stopped by Malcolm Subban with a rebound.
17:33 of 3rd period - Icing by Justin Bailey.
17:34 of 3rd period - Markus Granlund wins face-off versus Zac Dalpe in Influenza zone.
17:37 of 3rd period - Snap shot by Blake Geoffrion.
17:37 of 3rd period - Stopped by Malcolm Subban without a rebound.
17:38 of 3rd period - Jacob Josefson wins face-off versus Curtis Lazar in Influenza zone.
17:45 of 3rd period - Tony DeAngelo is hit by Kasperi Kapanen and loses puck.
17:50 of 3rd period - Wrist shot by Nick Ritchie.
17:50 of 3rd period - Stopped by Tristan Jarry with a rebound.
17:52 of 3rd period - Snap shot by Nick Ritchie.
17:52 of 3rd period - Goal by Nick Ritchie - Influenza : 5 - Carnivores : 4.
17:53 of 3rd period - Jacob Josefson wins face-off versus Curtis Lazar in neutral zone.
17:53 of 3rd period - Minor Penalty to Darnell Nurse for Hooking.
17:54 of 3rd period - Zac Dalpe wins face-off versus Markus Granlund in Influenza zone.
17:54 of 3rd period - Zac Dalpe is hit by Joel Armia.
18:20 of 3rd period - Brandon Montour is hit by Oskar Lindblom and loses puck.
19:29 of 3rd period - Jacob Josefson is hit by Markus Granlund and loses puck.
19:53 of 3rd period - Penalty to Darnell Nurse is over, Darnell Nurse is back on ice.
Goals for this period are 2 for Influenza vs 1 for Carnivores.
Shots for this period are 12 for Influenza vs 6 for Carnivores.
Back to the Top